 Dungeon Crawl Stone Soup version 0.26.0-16-gc1dbca0489 (webtiles) character file.

Game seed: 13621130725516056630

0 EnegeticOcto the Stinger (level 1, 5/14 HPs)
             Began as a Ghoul Venom Mage on Jan 20, 2021.
             Quit the game on level 1 of the Dungeon.
             The game lasted 00:00:08 (63 turns).

EnegeticOcto the Stinger (Ghoul Venom Mage)           Turns: 63, Time: 00:00:09

Health: 5/14       AC:  2    Str: 11    XL:     1   Next: 10%
Magic:  1/2        EV: 12    Int: 10    God:
Gold:   0          SH:  0    Dex:  9    Spells: 2/3 levels left

rFire    . . .     SeeInvis .   (no weapon)
rCold    + . .     Faith    .   (no shield)
rNeg     + + +     Spirit   .   a - +0 robe
rPois    ∞         Reflect  .   (no helmet)
rElec    .         Harm     .   (no cloak)
rCorr    .         Rampage  .   (no gloves)
Will     .....                  (no boots)
Stlth    ++........             (no amulet)
HPRegen  0.00/turn              (no ring)
MPRegen  0.08/turn              (no ring)

@: very slightly contaminated
A: claws 1, cold resistance 1, negative energy resistance 3, inhibited
regeneration, torment resistance, unbreathing
a: no special abilities


You were on level 1 of the Dungeon.
You visited 1 branch of the dungeon, and saw 1 of its levels.

Inventory:

Armour
 a - a +0 robe (worn)
Potions
 b - a potion of curing {unknown}


   Skills:
 + Level 0.2 Fighting
 - Level 1.7 Dodging
 - Level 2.1 Stealth
 - Level 1.7 Spellcasting
 - Level 0.8 Transmutations
 - Level 3.0 Poison Magic


You had 2 spell levels left.
You knew the following spells:

 Your Spells              Type           Power        Failure   Level
a - Sting                 Tmut/Pois      16%          14%         1

Your spell library contained the following spells:

 Spells                   Type           Power        Failure   Level
 Poisonous Vapours        Pois/Air       6%           26%         2
 Ignite Poison            Fire/Tmut/Pois 3%           50%         3
 Mephitic Cloud           Conj/Pois/Air  2%           54%         3
 Olgreb's Toxic Radiance  Pois           6%           67%         4


Dungeon Overview and Level Annotations

Branches:
Dungeon (1/15)

Altars:


Innate Abilities, Weirdness & Mutations

You thrive by killing the living.
You are immune to poison.
You have sharp fingernails.
Your flesh is cold resistant. (rC+)
You are immune to negative energy. (rN+++)
You do not regenerate when monsters are visible.
You are immune to unholy pain and torment.
You can survive without breathing.


Message History

Welcome, EnegeticOcto the Ghoul Venom Mage.
It is said that the Orb of Zot exists deep within this dungeon.
Press ? for a list of commands and other information.
Found a staircase leading out of the dungeon.
Found an escape hatch in the floor.
There is an escape hatch in the floor here.
A rat comes into view.
A rat is nearby!
No target in view!
No target in view!
No target in view!
No target in view!
No target in view!
No target in view!
No target in view!
No target in view!
No target in view!
No target in view!
No target in view!
No target in view!
A rat is nearby!
The rat bites you.
You scratch the rat but do no damage. The rat closely misses you.
You closely miss the rat. The rat closely misses you.
You scratch the rat.
The rat is heavily wounded.
The rat bites you but does no damage.
You barely miss the rat. The rat closely misses you.
You scratch the rat.
You kill the rat!
No target in view!
No target in view!
No target in view!
HP restored.
You see here a rat corpse.
You see here a rat corpse.
b - a pink potion
Found a whip.
No target in view!
No target in view!
No target in view!
No target in view!
No target in view!
No target in view!
No target in view!
No target in view!
No target in view!
Found a leather armour.
A rat and 2 kobolds come into view.
There are monsters nearby!
There are monsters nearby!
There are monsters nearby!
A hobgoblin comes into view. It is wielding a +0 club.
The hobgoblin shouts!
The kobold shouts!
The kobold throws a stone.
The stone hits you. The rat bites you.
The kobold shouts!
You see here a stone.
You are too injured to fight recklessly!
You are too injured to fight recklessly!
You are too injured to fight recklessly!
You are too injured to fight recklessly!
You are too injured to fight recklessly!
You are too injured to fight recklessly!
You are too injured to fight recklessly!
You are too injured to fight recklessly!
You are too injured to fight recklessly!
You are too injured to fight recklessly!
You are too injured to fight recklessly!
You are too injured to fight recklessly!
You are too injured to fight recklessly!
You are too injured to fight recklessly!
The kobold throws a stone.
The stone closely misses you.
You see here a stone.
Casting: Sting (safe; 14% risk of failure)
Confirm with . or Enter, or press ? or * to list all spells.
Aiming: Sting (safe; 14% risk of failure)
Press: ? - help, Shift-Dir - straight line, f - rat
Aim: a rat (36% to evade)
You miscast Sting.
You are very lightly contaminated with residual magic.
Nothing appears to happen.
The rat closely misses you.
A rat is nearby!
A rat is nearby!
A rat is nearby!
The rat bites you.
Are you sure you want to abandon this character and quit the game? (Confirm with "yes".)

################......
#.............##..#..
#.............##..#.#
#......<......##..#.#
#.............# ....#
#.............# #...#
######.#.########...##
#...# #..@r...).#####
#.#.###..####g.......
#...#....# #(.......
#.>.#...## #....[K...
#...#....###....K....
#.#.#............g?..
#...#....###.........
#.#.#....###.........
#...###..............


You could see a hobgoblin and a rat.

Vanquished Creatures
  A rat (D:1)
1 creature vanquished.

Notes
Turn   | Place    | Note
-------+----------+-------------------------------------------
     0 | D:1      | EnegeticOcto the Ghoul Venom Mage began the quest for the
                  | Orb.
     0 | D:1      | Reached XP level 1. HP: 14/14 MP: 2/2
    63 | D:1      | Quit the game

Illustrated notes

Levels and vault maps discovered:
D:1:      lemuel_arrival_hallway, layout_rooms, serial_bayou_pond_e

Action                   || total
-------------------------++-------
Melee: Unarmed           ||     5
Armor: Robe              ||     1
Dodge: Dodged            ||     5
